 Dungeon Crawl Stone Soup version 0.28.0-43-g3370ac3207 (webtiles) character file.

Game seed: 15947007449363670134

100 Kaptain the Digger (level 4, -4/26 HPs)
             Began as a Gargoyle Earth Elementalist on Mar 18, 2022.
             Killed by divine providence
             ... invoked by an orc priest
              (12 damage)
             ... on level 2 of the Dungeon.
             The game lasted 00:05:41 (2617 turns).

Kaptain the Digger (Gargoyle Earth Elementalist)    Turns: 2617, Time: 00:05:42

Health: -4/26      AC:  5    Str: 11    XL:     4   Next: 73%
Magic:  4/8        EV: 12    Int: 18    God:
Gold:   80         SH:  0    Dex: 10    Spells: 4/8 levels left

rFire   . . .      SeeInvis .   h - +0 short sword (protect)
rCold   . . .      Faith    .   (no shield)
rNeg    + . .      Spirit   .   b - +0 robe
rPois   ∞          Reflect  .   (no helmet)
rElec   +          Harm     .   (no cloak)
rCorr   .          Rampage  .   (no gloves)
Will    .....                   (no boots)
Stlth   ++........              (no amulet)
HPRegen 0.08/turn               (no ring)
MPRegen 0.11/turn               (no ring)

@: weak-willed
A: sickness immunity, AC +3, negative energy resistance 1, electricity
resistance, torment resistance 1, petrification resistance
a: no special abilities


You were on level 2 of the Dungeon.
You visited 1 branch of the dungeon, and saw 3 of its levels.

You collected 80 gold pieces.

Inventory:

Hand Weapons
 f - a +0 dagger
 h - a +0 short sword of protection (weapon)
Missiles
 c - 57 stones (quivered)
Armour
 b - a +0 robe (worn)
Scrolls
 g - a scroll of teleportation
Potions
 a - a potion of might
 d - a potion of heal wounds {unknown}
 j - a potion of brilliance {unknown}
 m - a potion of mutation {unknown}


   Skills:
 * Level 1.9 Fighting
 + Level 1.0 Armour
 + Level 1.9 Dodging
 - Level 2.1 Stealth
 * Level 2.6 Spellcasting
 * Level 1.7 Conjurations
 - Level 0.7 Transmutations
 * Level 4.3 Earth Magic


You had 4 spell levels left.
You knew the following spells:

 Your Spells              Type           Power      Damage    Failure   Level
a - Sandblast             Erth           34%        2d9       3%          1
b - Stone Arrow           Conj/Erth      26%        3d8       14%         3

Your spell library contained the following spells:

 Spells                   Type           Power      Damage    Failure   Level
 Passwall                 Tmut/Erth      9%         N/A       9%          2
 Petrify                  Tmut/Erth      11%        N/A       52%         4


Dungeon Overview and Level Annotations

Branches:
Dungeon (3/15)

Altars:
Trog

Annotations:
D:3 1 runed translucent door, Crazy Yiuf, Grinder, Terence


Innate Abilities, Weirdness & Mutations

You are immune to sickness and miasma.
Your stone body is resilient. (AC +3)
You are immune to poison.
You resist negative energy. (rN+)
You are resistant to electric shocks. (rElec)
You are resistant to unholy torment.
You are immune to petrification.


Message History

Pain shoots through your body!
Casting: Stone Arrow (quite dangerous; 14% risk of failure)
Confirm with . or Enter, or press ? or * to list all spells.
Aiming: Sandblast (safe; 3% risk of failure)
Press: ? - help, Shift-Dir - straight line, f - goblin
Aim: a goblin, wielding a +0 club (74% to hit)
The blast of sand hits the goblin!
You kill the goblin!
c - 60 stones
Casting: Sandblast (safe; 3% risk of failure)
Confirm with . or Enter, or press ? or * to list all spells.
Aiming: Sandblast (safe; 3% risk of failure)
Press: ? - help, Shift-Dir - straight line, f - orc priest
Aim: an orc priest, wielding a +0 hand axe (79% to hit)
The blast of sand hits the orc priest.
The orc priest is moderately wounded.
c - 59 stones The orc priest barely misses you.
Casting: Sandblast (safe; 3% risk of failure)
Confirm with . or Enter, or press ? or * to list all spells.
Aiming: Sandblast (safe; 3% risk of failure)
Press: ? - help, Shift-Dir - straight line, f/p - orc priest
Aim: an orc priest, wielding a +0 hand axe (moderately wounded, 79% to hit)
The blast of sand hits the orc priest!
The orc priest is almost dead.
c - 58 stones The orc priest mumbles some strange prayers to Beogh against you.
Beogh smites you!
Casting: Sandblast (safe; 3% risk of failure)
Confirm with . or Enter, or press ? or * to list all spells.
Aiming: Sandblast (safe; 3% risk of failure)
Press: ? - help, Shift-Dir - straight line, f/p - orc priest
Aim: an orc priest, wielding a +0 hand axe (almost dead, 79% to hit)
The blast of sand misses the orc priest.
The blast of sand misses the orc.
The blast of sand hits the orc.
You kill the orc!
c - 57 stones The orc priest mumbles some strange prayers to Beogh against you.
Beogh smites you!
You die...

###...## ##.##.....# #.######
# ##.## #.##.....# #.>..... #
#.# #.##....#######.##### #
#.########....>..........##...
#
#..............############.##
# ######.......g.# #.# #
#.######o## #.# # #.# #o# #.#
# #.# ###@######## #.#
#########.# #..........# #.#
.......##.# #.#.######.# #.#
######.##.####.#.# #.# #.#
#....)......# #.# #.#
####.####.### #.# #.# #......#
#.# #.# ######## #)# #.# #.#
#.#


You could see an orc priest, an orc and a goblin.

Vanquished Creatures
  2 adders
  2 worms (D:2)
  A dart slug (D:2)
  An orc (D:2)
  4 ball pythons
  7 endoplasms
  3 giant cockroaches
  12 goblins
  7 hobgoblins
  2 jackals (D:1)
  7 kobolds
  3 quokkas
  6 bats
  4 frilled lizards
  6 rats
67 creatures vanquished.

Notes
Turn   | Place    | Note
-------+----------+-------------------------------------------
     0 | D:1      | Kaptain the Gargoyle Earth Elementalist began the quest for
                  | the Orb.
     0 | D:1      | Reached XP level 1. HP: 10/10 MP: 3/3
   187 | D:1      | Reached XP level 2. HP: 16/16 MP: 3/5
   380 | D:1      | Found a bloodstained altar of Trog.
   388 | D:1      | Reached skill level 1 in Fighting
   395 | D:1      | Reached skill level 1 in Conjurations
   579 | D:1      | Reached XP level 3. HP: 16/20 MP: 0/6
   583 | D:1      | Learned a level 3 spell: Stone Arrow
   799 | D:1      | Reached skill level 4 in Earth Magic
  1007 | D:1      | Found a faded altar of an unknown god.
  1641 | D:2      | Reached XP level 4. HP: 20/25 MP: 7/7
  2185 | D:2      | Reached skill level 1 in Armour
  2331 | D:3      | Noticed Grinder
  2334 | D:3      | Paralysed by Grinder for 6 turns
  2471 | D:3      | Found a runed translucent door.
  2472 | D:3      | Noticed Crazy Yiuf
  2499 | D:3      | Noticed Terence
  2617 | D:2      | Killed from afar by an orc priest

Illustrated notes

Levels and vault maps discovered:
D:1:      dpeg_arrival_arbitrary_b, layout_basic,
          ebering_ecumenical_altar_abandoned,
          nicolae_concentric_dashed_squares_mild, kennysheep_flooded_box
D:2:      layout_loops_ring
D:3:      cheibrodos_old_hovel, layout_rooms, minmay_box_of_dots,
          uniq_crazy_yiuf_cottage, uniq_terence, uniq_grinder

Skill      XL: |  1  2  3  4 |
---------------+-------------+-----
Fighting       | 1 |  1.9
Conjurations   | 1 |  1.7
Earth Magic    | 4 |  4.3
Armour         | 1 |  1.0
Dodging        | |  1.9
Stealth        | |  2.1
Spellcasting   | |  2.6
Transmutations | |  0.7

Action                   |  1- 3 |  4- 6 || total
-------------------------+-------+-------++-------
Melee: Unarmed           |     1 |       ||     1
       Dagger            |    29 |       ||    29
       Short sword       |    10 |    36 ||    46
       Punch             |       |     1 ||     1
 Cast: Sandblast         |    48 |    21 ||    69
       Stone Arrow       |       |     1 ||     1
  Use: Scroll            |       |     5 ||     5
 Stab: Sleeping          |     1 |     2 ||     3
Armor: Robe              |    24 |    18 ||    42
Dodge: Dodged            |    36 |    32 ||    68
